 Dungeon Sprint DCSS version 0.27-a0-1193-g8631133539 (webtiles) character file.

Game seed: 12599728100543478779

46 rocky1 the Skirmisher (level 3, -1/36 HPs)
             Began as a Hill Orc Fighter on May 26, 2021.
             Succumbed to Crazy Yiuf's poison
             ... in the Dungeon (Sprint III: "The Ten Rune Challenge").
             The game lasted 00:00:37 (214 turns).

rocky1 the Skirmisher (Hill Orc Fighter)             Turns: 214, Time: 00:00:37

Health: -1/36      AC:  7    Str: 19    XL:     3   Next: 68%
Magic:  3/3        EV:  8    Int:  8    God:
Gold:   0          SH:  9    Dex: 10    Spells: 2/2 levels left

rFire    . . .     SeeInvis .   a - +0 war axe
rCold    . . .     Faith    .   c - +0 kite shield
rNeg     . . .     Spirit   .   b - +0 scale mail
rPois    .         Reflect  .   (no helmet)
rElec    .         Harm     .   (no cloak)
rCorr    .         Rampage  .   (no gloves)
Will     .....     NoTele   +   (no boots)
Stlth    ..........             (no amulet)
HPRegen  0.12/turn              (no ring)
MPRegen  0.08/turn              (no ring)

@: lethally poisoned (-1 -> -14), hasted, very quick
A: no striking features
a: no special abilities


You were in the Dungeon.
You visited 1 branch

Inventory:

Hand Weapons
 a - a +0 war axe (weapon)
Armour
 b - a +0 scale mail (worn)
 c - a +0 kite shield (worn)
Scrolls
 j - 3 scrolls of blinking
Potions
 d - a potion of might
 e - a potion of curing
 f - a potion of heal wounds
 h - 2 potions of magic
 i - a potion of berserk rage


   Skills:
 + Level 5.1 Fighting
 + Level 4.8 Axes
 + Level 4.7 Armour
 + Level 2.2 Dodging
 + Level 4.7 Shields


You had 2 spell levels left.
You didn't know any spells.
Your spell library was empty.

Dungeon Overview and Level Annotations

Branches:
Dungeon (1/1)

Altars:


Message History

The human hits you.
You closely miss the human.
The human is severely wounded.
The human hits you.
You closely miss the human.
The human is severely wounded.
You block the human's attack.
You barely miss the human.
The human is severely wounded.
The human hits you.
You barely miss the human.
The human is severely wounded.
The human barely misses you.
You hit the human.
The human is almost dead.
The human hits you but does no damage.
You closely miss the human.
The human is almost dead.
The human closely misses you.
You hit the human.
You kill the human!
Your Fighting skill increases to level 5!
Your Dodging skill increases to level 2!
You see here a human corpse.
Unknown command.
Crazy Yiuf the Enlightened comes into view.
He is wielding a +3 quarterstaff of chaos.
Crazy Yiuf shouts!
You are too injured to fight recklessly!
Crazy Yiuf barely misses you.
You slash Crazy Yiuf!
Crazy Yiuf is heavily wounded.
You block Crazy Yiuf's attack.
You closely miss Crazy Yiuf.
Crazy Yiuf is heavily wounded.
Crazy Yiuf hits you with a +3 quarterstaff of chaos!
* * * LOW HITPOINT WARNING * * *
You are lethally poisoned!
You slash Crazy Yiuf!
You kill Crazy Yiuf!
You die...

▓▓▓▓ ▓▓▓▓▓▓▓ ▓<.#
+...♣.♣♣ ▓..#
#......♣
▓#'####....♣.♣
▓.....#.)..≈♣♣♣
▓.....#.@.≈≈..♣♣..#
▓....)#..≈≈≈≈.....+
▓####'#..≈≈≈≈≈≈♣..#
▓.....#.≈≈≈≈≈≈....#
▓.....#.≈≈≈≈≈.....#
▓.....#.≈≈≈.......#
▓'#####...........#
▓..........†......#
▓▓▓▓▓▓▓▓▓▓▓▓▓▓▓▓▓▓▓


There were no monsters in sight!

Vanquished Creatures
  Crazy Yiuf (D)
  Jessica (D)
  A human (D)
  An endoplasm (D)
  2 rats (D)
6 creatures vanquished.

Notes
Turn   | Place    | Note
-------+----------+-------------------------------------------
     0 | D        | rocky1 the Hill Orc Fighter began the quest for the Orb.
     0 | D        | Reached XP level 1. HP: 19/19 MP: 1/1
   108 | D        | Noticed Jessica
   113 | D        | Killed Jessica
   114 | D        | Reached skill level 4 in Fighting
   114 | D        | Reached skill level 1 in Dodging
   114 | D        | Reached XP level 2. HP: 23/28 MP: 2/2
   114 | D        | Reached XP level 3. HP: 29/35 MP: 3/3
   202 | D        | Reached skill level 5 in Fighting
   207 | D        | Noticed Crazy Yiuf
   214 | D        | Killed Crazy Yiuf
   214 | D        | Succumbed to Crazy Yiuf's poison

Illustrated notes

Levels and vault maps discovered:
D:        dungeon_sprint_mu [sprint_mu_entry_forest, sprint_mu_temple_rooms,
          sprint_mu_d1_spiders, sprint_mu_d2_genie, sprint_mu_d3_branching,
          sprint_mu_orc_legion, sprint_mu_elf_gauntlet, sprint_mu_hive_nellie,
          sprint_mu_lair_fedhas, sprint_mu_vaults_butterflies,
          sprint_mu_slime_circle, sprint_mu_shoals_kraken,
          sprint_mu_snake_twists, sprint_mu_blade_basic,
          sprint_mu_crypt_chambers, sprint_mu_tomb_spiral,
          sprint_mu_vestibule_basic, sprint_mu_gehenna_hellfire,
          sprint_mu_dis_giant, sprint_mu_tartarus_statrot,
          sprint_mu_cocytus_islands, sprint_mu_zot1]

Skill      XL: |  1  2  3 |
---------------+----------+-----
Axes           | 4 |  4.8
Fighting       | 4 5 |  5.1
Armour         | 4 |  4.7
Dodging        | 1 2 |  2.2
Shields        | 4 |  4.7

Action                   || total
-------------------------++-------
Melee: War axe           ||    32
  Use: Potion            ||     1
Armor: Scale mail        ||     6
Dodge: Dodged            ||     6
Block: Kite shield       ||     9

Table legend: (Time is in decaauts)
 A = Elapsed time spent in this place.
 B = Non-inter-level travel time spent in this place.
 C = Inter-level travel time spent in this place.
 D = Time resting spent in this place.
 E = Time spent auto-exploring this place.
 F = Levels seen in this place.
 G = Mean time per level.
                   A        B        C        D        E       F      G
               +--------+--------+--------+--------+--------+-----+--------+
         Total |    214 |    214 |      0 |    136 |      0 |   1 |  214.0 |
       Dungeon |    214 |    214 |      0 |    136 |      0 |   1 |  214.0 |
               +--------+--------+--------+--------+--------+-----+--------+

Top non-repeatable levels by time:
       D: 214 daAuts
